 Dungeon Crawl Stone Soup version 0.30-a0-652-gcc886f7154 (webtiles) character file.

Game seed: 17370779119710519634

44 browni3141 the Grave Robber (level 3, -2/24 HPs)
             Began as a Mummy Necromancer on Jan 18, 2023.
             Shot with a sling bullet by a goblin (5 damage)
             ... led by Robin
             ... on level 2 of the Dungeon.
             The game lasted 00:02:33 (1077 turns).

browni3141 the Grave Robber (Mummy Necromancer)     Turns: 1077, Time: 00:02:34

Health: -2/24      AC:  2    Str: 11    XL:     3   Next: 39%
Magic:  0/7        EV: 12    Int: 16    God:
Gold:   101        SH:  0    Dex: 12    Spells: 6/7 levels left

rFire   x . .      SeeInvis .    (no weapon)
rCold   + . .      Faith    +    (no shield)
rNeg    + + +      Spirit   .    a - +0 robe
rPois   ∞          Reflect  .    (no helmet)
rElec   .          Harm     .    (no cloak)
rCorr   .          Rampage  .    (no gloves)
Will    .....                    (no boots)
Stlth   ++                       (no amulet)
HPRegen 0.24/turn                (no ring)
MPRegen 0.10/turn                (no ring)

@: no status effects
A: cold resistance 1, negative energy resistance 3, torment resistance 2, heat
vulnerability 1, in touch with death 1, no potions, faith
a: no special abilities


You were on level 2 of the Dungeon.
You visited 1 branch of the dungeon, and saw 2 of its levels.

You collected 101 gold pieces.

Inventory:

Armour
 a - a +0 robe (worn)
Scrolls
 b - a scroll of identify {unknown}
 c - a scroll of fear {unknown}
 d - a scroll of amnesia {unknown}
 e - a scroll of teleportation {unknown}
 f - a scroll of acquirement {unknown}
 g - a scroll of vulnerability {unknown}


   Skills:
 - Level 1.5 Dodging
 * Level 3.4 Stealth
 - Level 2.6 Spellcasting
 - Level 4.0 Necromancy


You had 6 spell levels left.
You knew the following spells:

 Your Spells              Type           Power      Damage    Failure   Level
a - Necrotise             Necr           88%        1d8       3%          1

Your spell library contained the following spells:

 Spells                   Type           Power      Damage    Failure   Level
 Vampiric Draining        Necr           22%        2d7       11%         3
 Animate Dead             Necr           22%        N/A       36%         4
 Agony                    Necr           22%        N/A       71%         5


Dungeon Overview and Level Annotations

Branches:
Dungeon (2/15)

Altars:

Annotations:
D:2 Robin


Innate Abilities, Weirdness & Mutations

You are immune to poison.
Your flesh is cold resistant. (rC+)
You are immune to negative energy. (rN+++)
You are immune to unholy pain and torment.
You are vulnerable to heat. (rF-)
You are in touch with the powers of death.
You do not drink.
You have a special connection with the divine. (Faith)


Message History

You feel a surge of power!
Something writhes in agony.
The goblin shoots a sling bullet.
The sling bullet barely misses you. Something throws the goblin at you!
You don't have enough magic to cast this spell.
Something hits you.
The goblin shoots a sling bullet.
The sling bullet hits your goblin skeleton.
Your goblin skeleton is destroyed!
Something hits you.
A goblin comes into view. It is wielding a +0 club.
The goblin hits you with a +0 club.
There is a stone staircase leading down here.
A goblin comes into view. It is wielding a +2 dagger of venom.
Something hits you. The goblin attacks as you move away!
The goblin hits you but does no damage. Something throws the goblin at you!
The goblin hits you with a +0 club.
The goblin no longer looks unusually strong.
The goblin shoots a sling bullet.
The sling bullet hits you. The goblin barely misses you.
The goblin goes into a battle-frenzy!
The goblin no longer looks unusually strong.
The goblin shoots a sling bullet.
The sling bullet hits you.
* * * LOW HITPOINT WARNING * * *
You hear a shout!
The goblin attacks as you move away! The goblin misses you.
The goblin goes into a battle-frenzy!
Aiming: Necrotise (safe; 3% risk of failure)
Press: ? - help, Q - select action Shift-Dir - straight line, f - goblin
Aim: a goblin, wielding a +0 club (strong, chance to affect: 91%)
You feel a surge of power!
The goblin writhes in agony.
The goblin closely misses you. The goblin attacks as you move away!
The goblin closely misses you.
Your magical contamination has completely faded away.
You hear a shout!
The goblin attacks as you move away! The goblin hits you but does no damage.
Something throws the goblin at you!
* * * LOW HITPOINT WARNING * * *
The goblin attacks as you move away! The goblin hits you with a +0 club.
* * * LOW HITPOINT WARNING * * *
The goblin shoots a sling bullet.
The sling bullet hits you.
You die...

......#..........##..#
....###..#.........#.#
...####............#+###
.......>##..#####......# .?....
.#.#######..#..P#......# #......
#..#........#P.P#...!..## #......
#....#####..#.Pb#......g###......
#... #..#####.....#..##......
.... #......@.....##.##..$...
##... #........g...##..#.....? #.
#......g.....###.{g.g...
#............##...>.g...
#............##.#..g.)).
######.################. #P#.#P#
#..#.#bP #.P.#.#.P..


You could see 3 goblins.

Vanquished Creatures
  2 ball pythons (D:1)
  2 bats (D:1)
  6 giant cockroaches
  3 goblins
  2 hobgoblins
  6 jackals
  3 kobolds (D:1)
  A quokka (D:2)
  2 rats
27 creatures vanquished.

Vanquished Creatures (collateral kills)
  A dart slug (D:1)
  2 endoplasms (D:1)
  2 goblins
5 creatures vanquished.

Grand Total: 32 creatures vanquished

Notes
Turn   | Place    | Note
-------+----------+-------------------------------------------
     0 | D:1      | browni3141 the Mummy Necromancer began the quest for the
                  | Orb.
     0 | D:1      | Reached XP level 1. HP: 13/13 MP: 4/4
   255 | D:1      | Reached XP level 2. HP: 19/19 MP: 1/5
   734 | D:1      | Gained mutation: You are in touch with the powers of death.
                  | [Mummy growth]
   734 | D:1      | Reached XP level 3. HP: 24/24 MP: 5/7
  1051 | D:2      | Noticed Robin
  1077 | D:2      | Shot with a sling bullet by a goblin

Illustrated notes

Levels and vault maps discovered:
D:1:      matt_arrival_grand_opening, layout_rooms
D:2:      layout_basic, serial_aquarium, aquarium_bridge_long_separate
          [aquarium_subvault_bridge, aquarium_subvault_wall,
          aquarium_subvault_wall, aquarium_subvault_wall,
          aquarium_subvault_bridge, aquarium_subvault_bridge],
          aquarium_window_corner, aquarium_window_fake, aquarium_view_2c,
          aquarium_balcony_1b, aquarium_pool_2, uniq_robin

Skill      XL: |  1  2 |
---------------+-------+-----
Stealth        | 2 3 |  3.4
Dodging        | |  1.5
Spellcasting   | |  2.6
Necromancy     | |  4.0

Action                   || total
-------------------------++-------
Melee: Unarmed           ||    54
       Punch             ||     1
 Cast: Necrotise         ||    47
 Stab: Sleeping          ||     3
Armor: Robe              ||    32
Dodge: Dodged            ||    43

Table legend: (Time is in decaauts)
 A = Elapsed time spent in this place.
 B = Non-inter-level travel time spent in this place.
 C = Inter-level travel time spent in this place.
 D = Time resting spent in this place.
 E = Time spent auto-exploring this place.
 F = Levels seen in this place.
 G = Mean time per level.
                   A        B        C        D        E       F      G
               +--------+--------+--------+--------+--------+-----+--------+
         Total |   1076 |   1049 |     27 |      0 |    821 |   2 |  538.0 |
       Dungeon |   1076 |   1049 |     27 |      0 |    821 |   2 |  538.0 |
               +--------+--------+--------+--------+--------+-----+--------+

Top non-repeatable levels by time:
     D:1: 848 daAuts
     D:2: 228 daAuts
